 Dungeon Crawl Stone Soup version 0.23-a0-690-g0a1fc62 (webtiles) character file.

11200 galech the Cleaver (level 11, -5/84 HPs)
             Began as a Demonspawn Fighter on Jan 11, 2019.
             Was an Elder of Okawaru.
             Killed from afar by an orc sorcerer (17 damage)
             ... with a bolt of negative energy
             ... led by an orc knight
             ... on level 11 of the Dungeon.
             The game lasted 00:15:24 (10426 turns).

galech the Cleaver (Demonspawn Fighter)            Turns: 10426, Time: 00:15:25

Health: -5/84      AC: 15    Str: 21    XL:     11   Next: 46%
Magic:  9/11       EV: 16    Int: 11    God:    Okawaru [****..]
Gold:   678        SH: 15    Dex: 19    Spells: 10/10 levels left

rFire    . . .     SeeInvis +   x - +7 hand axe (freeze)
rCold    + . .     Gourm    .   c - +0 shield
rNeg     . . .     Faith    .   K - +2 ring mail of Kicylol {SInv}
rPois    .         Spirit   .   l - +0 helmet
rElec    .         Reflect  +   L - scarf {cloud immunity}
rCorr    .         Harm     .   r - +0 pair of gloves
MR       .....                  (no boots)
Stlth    +++.......             B - +2 amulet of reflection
HPRegen  0.24/turn              G - +4 ring of dexterity
MPRegen  0.12/turn              C - ring of protection from cold

@: mighty, heroism, drained
A: hooves 2, molten scales 2, nightstalker 1, powered by pain 2
a: Heroism, Renounce Religion


You were on level 11 of the Dungeon.
You worshipped Okawaru.
Okawaru was greatly pleased with you.
You were not hungry.

You visited 2 branches of the dungeon, and saw 12 of its levels.

You collected 678 gold pieces.

Inventory:

Hand Weapons
 a - a +0 war axe
 x - a +7 hand axe of freezing (weapon)
 z - the +5 great sword of the Coward {protect, rF+}
   (You found it on level 4 of the Dungeon)

   It protects the one who uses it against injury (+AC on strike).
   It protects you from fire.
Armour
 c - a +0 shield (worn)
 l - a +0 helmet (worn)
 r - a +0 pair of gloves (worn)
 w - a +0 chain mail
 F - a +0 plate armour
 K - the +2 ring mail of Kicylol (worn) {SInv}
   (You found it on level 9 of the Dungeon)

   It lets you see invisible.
 L - a scarf of cloud immunity (worn)
Jewellery
 n - an uncursed ring of magical power
 B - a +2 amulet of reflection (around neck)
 C - a ring of protection from cold (right hand)
 G - a +4 ring of dexterity (left hand)
 H - an uncursed ring of stealth
 J - an uncursed ring of protection from cold
Wands
 k - a wand of flame (18)
 M - a wand of clouds (7)
Scrolls
 b - a scroll of noise
 h - 11 scrolls of teleportation
 j - 2 scrolls of blinking
 p - 5 scrolls of random uselessness
 q - 8 scrolls of remove curse
 v - a scroll of enchant armour
 y - 5 scrolls of fear
 E - 2 scrolls of immolation
 N - a scroll of silence {unknown}
 O - a scroll of enchant weapon
Potions
 d - a potion of mutation {unknown}
 e - a potion of berserk rage {unknown}
 g - 2 potions of curing
 i - 4 potions of resistance {unknown}
 m - 3 potions of agility {unknown}
 o - 4 potions of heal wounds {unknown}
 s - 2 potions of lignification {unknown}
 t - 4 potions of degeneration {unknown}
 u - 3 potions of haste {unknown}
 D - 3 potions of flight {unknown}
Comestibles
 f - 17 rations
 A - 13 chunks of flesh


   Skills:
 + Level 7.5(11.5) Fighting
 + Level 11.2(15.1) Axes
 + Level 7.0(11.0) Armour
 + Level 3.1(7.2) Dodging
 + Level 1.1(5.2) Stealth
 + Level 8.4(12.3) Shields
 + Level 0.7(0.0) Invocations


You had 10 spell levels left.
You didn't know any spells.
Your spell library was empty.

Dungeon Overview and Level Annotations

Branches:
Dungeon (11/15)            Temple (1/1) D:7            Lair (0/6) D:9
    Orc (0/2) D:10

Altars:
Ashenzari
Cheibriados
Dithmenos
Elyvilon
Fedhas
Gozag
Hepliaklqana
Kikubaaqudgha
Makhleb
Nemelex Xobeh
Okawaru
Qazlal
Ru
Sif Muna
Trog
Vehumet
Wu Jian
Xom
Zin
The Shining One

Shops:
D:11 [=*


Innate Abilities, Weirdness & Mutations

You have hoof-like feet.
You are mostly covered in molten scales. (AC +3)
You are slightly more attuned to the shadows.
You sometimes gain power by taking damage.


Message History

The iron shot hits you!
* * * LOW HITPOINT WARNING * * *
The orc knight hits you but does no damage.
You gain the combat prowess of a mighty hero.
The orc sorcerer gestures at you while chanting.
You suddenly lose the ability to move!
The ynoxinul hits you.
* * * LOW HITPOINT WARNING * * *
The orc knight hits you with a +0 battleaxe!!
* * * LOW HITPOINT WARNING * * *
You focus on the pain.
You feel very mighty all of a sudden.
The orc sorcerer hits you but does no damage.
The ynoxinul hits you.
* * * LOW HITPOINT WARNING * * *
You can move again.
Okay, then.
You feel better.
The orc sorcerer points at you and mumbles some strange words.
The bolt of negative energy hits you!
You feel drained.
You die...

************#####..# #..# #..#
#..#
**********#######..#####*********
,,,,,,,,,,..........?..>,,,,,,,,,
,<,,,,,,,,..............,,,,,,,,,
,,,,,,,,,,......o(......,,,,,,,,,
,,,,,,,,,,.....o@((.....,,,,,,,,,
,,,,,,,,,,.(....3)∩.....,,,,,,,,,
,,,,,,,,,,..............,,,,,,,,,
,,,,,,,,,,..............,,,,,,,,,
,,,,,,,,,,..............,,,<,,,,,
,,,,,,,,,,..............,,,,,,,,,
,,,,,,,,,,..............,,,,,,,,,
*********************************


You could see an orc knight, a ynoxinul and an orc sorcerer.

Vanquished Creatures
  A two-headed ogre (D:11)
  Pikel (D:6)
  An ugly thing (D:11)
  Psyche (D:10)
  2 komodo dragons
  A queen bee (D:9)
  A troll (D:11)
  2 hornets (D:8)
  3 hippogriffs
  A shadow (D:6)
  7 yaks
  2 hungry ghosts (D:7)
  Edmund (D:6)
  Duvessa (D:6)
  4 orc warriors
  A sky beast (D:8)
  A hornet zombie (D:11)
  2 ice beasts
  3 phantoms
  2 necrophages (D:9)
  5 ogres
  4 centaurs
  2 big kobolds
  5 bullfrogs
  2 wyvern skeletons
  Dowan (D:6)
  3 scorpions
  26 killer bees
  3 howler monkeys
  2 crimson imps (D:5)
  A quasit (D:8)
  A bullfrog zombie (D:8)
  4 jellies
  4 orc priests
  4 hounds
  2 bullfrog skeletons
  2 centaur skeletons
  9 orc wizards
  An iguana (D:2)
  10 worker ants
  2 killer bee zombies (D:7)
  A hound zombie (D:10)
  5 hound skeletons
  2 worker ant zombies
  15 gnolls
  2 howler monkey skeletons
  11 adders
  5 shadow imps
  An ooze (D:2)
  An adder skeleton (D:4)
  5 worms
  4 dart slugs (D:2)
  3 leopard geckos
  42 orcs
  2 ball pythons
  2 bat zombies (D:4)
  7 giant cockroaches
  6 goblins
  4 hobgoblins
  16 jackals
  23 kobolds
  A quokka (D:5)
  14 bats
  7 frilled lizards
  6 rats
316 creatures vanquished.

Vanquished Creatures (others)
  A centaur (D:9)
  A gnoll (D:6)
  A leopard gecko (D:6)
  A plant (D:9)
4 creatures vanquished.

Grand Total: 320 creatures vanquished

Notes
Turn   | Place    | Note
-------+----------+-------------------------------------------
     0 | D:1      | galech the Demonspawn Fighter began the quest for the Orb.
     0 | D:1      | Reached XP level 1. HP: 18/18 MP: 1/1
   138 | D:1      | Gained mutation: You are partially covered in molten
                  | scales. (AC +2) [demonic ancestry]
   138 | D:1      | Reached XP level 2. HP: 19/24 MP: 2/2
   157 | D:1      | Reached skill level 2 in Axes
   550 | D:1      | Reached XP level 3. HP: 26/29 MP: 3/3
   768 | D:1      | You fall through a shaft!
  1136 | D:2      | Reached skill level 1 in Dodging
  1136 | D:2      | Gained mutation: You are mostly covered in molten scales.
                  | (AC +3) [demonic ancestry]
  1136 | D:2      | Reached XP level 4. HP: 21/35 MP: 4/4
  1785 | D:2      | Reached skill level 3 in Axes
  2086 | D:2      | Gained mutation: You have large cloven feet. [demonic
                  | ancestry]
  2086 | D:2      | Reached XP level 5. HP: 26/41 MP: 5/5
  2668 | D:3      | Found a glowing golden altar of the Shining One.
  2699 | D:3      | HP: 2/41 [orc priest/nerve-wracking pain (10)]
  3200 | D:3      | Reached XP level 6. HP: 28/47 MP: 6/6
  3403 | D:3      | Found a shimmering altar of Xom.
  3404 | D:3      | Found a hazy altar of Hepliaklqana.
  3404 | D:3      | Noticed a hell beast
  3405 | D:3      | Noticed a spectral ugly thing
  3405 | D:3      | Noticed a hell beast
  3764 | D:4      | Reached skill level 4 in Axes
  3798 | D:4      | Got a faintly glowing great sword
  3806 | D:4      | Gained mutation: You have hoof-like feet. [demonic
                  | ancestry]
  3806 | D:4      | Reached XP level 7. HP: 14/53 MP: 7/7
  3812 | D:4      | Identified the +5 great sword of the Coward {protect, rF+}
                  | (You found it on level 4 of the Dungeon)
  4359 | D:4      | Found an ancient bone altar of Kikubaaqudgha.
  4447 | D:5      | Entered Level 5 of the Dungeon
  4583 | D:5      | Reached skill level 5 in Axes
  5078 | D:6      | Noticed Edmund
  5094 | D:6      | Killed Edmund
  5094 | D:6      | Reached skill level 5 in Shields
  5094 | D:6      | Gained mutation: You sometimes gain a little power by
                  | taking damage. [demonic ancestry]
  5094 | D:6      | Reached XP level 8. HP: 53/61 MP: 8/8
  5175 | D:6      | You fall through a shaft for 3 floors!
  5238 | D:8      | Reached skill level 6 in Axes
  5362 | D:8      | Noticed a hornet
  5377 | D:8      | Killed a hornet
  5591 | D:7      | Reached skill level 7 in Axes
  5653 | D:6      | Noticed Pikel
  5692 | D:6      | Killed Pikel
  5692 | D:6      | Reached skill level 5 in Fighting
  5692 | D:6      | Reached skill level 5 in Armour
  5692 | D:6      | Gained mutation: You sometimes gain power by taking damage.
                  | [demonic ancestry]
  5692 | D:6      | Reached XP level 9. HP: 62/68 MP: 9/9
  5899 | D:6      | Found a blossoming altar of Fedhas.
  5949 | D:6      | Reached skill level 8 in Axes
  6226 | D:6      | Noticed Duvessa
  6236 | D:6      | Noticed Dowan
  6252 | D:6      | Killed Duvessa
  6253 | D:6      | Killed Dowan
  6465 | D:7      | Found a staircase to the Ecumenical Temple.
  6546 | Temple   | Entered the Ecumenical Temple
  6567 | Temple   | Became a worshipper of Warmaster Okawaru
  6609 | D:7      | Found an opulent altar of Gozag.
  7232 | D:7      | Reached * piety under Okawaru
  7232 | D:7      | Reached XP level 10. HP: 76/76 MP: 10/10
  7406 | D:8      | Found a sparkling altar of Nemelex Xobeh.
  7412 | D:8      | Paralysed by a hornet for 3 turns
  7421 | D:8      | Reached skill level 9 in Axes
  7598 | D:8      | Found a stormy altar of Qazlal.
  7598 | D:8      | Found a bloodstained altar of Trog.
  7605 | D:8      | Found a shattered altar of Ashenzari.
  7988 | D:9      | Found a staircase to the Lair.
  8028 | D:9      | Reached skill level 1 in Stealth
  8104 | D:9      | Reached ** piety under Okawaru
  8346 | D:9      | Reached skill level 10 in Axes
  8840 | D:9      | Found a sacrificial altar of Ru.
  9004 | D:9      | Got a dazzling ring mail
  9015 | D:9      | Identified the +2 ring mail of Kicylol {SInv} (You found it
                  | on level 9 of the Dungeon)
  9133 | D:10     | Entered Level 10 of the Dungeon
  9335 | D:10     | Found a staircase to the Orcish Mines.
  9446 | D:10     | Reached *** piety under Okawaru
  9697 | D:10     | Noticed Psyche
  9705 | D:10     | Gained mutation: You are slightly more attuned to the
                  | shadows. [demonic ancestry]
  9705 | D:10     | Reached XP level 11. HP: 75/84 MP: 8/11
  9709 | D:10     | Killed Psyche
 10237 | D:11     | Noticed a cyan ugly thing
 10247 | D:11     | Killed a cyan ugly thing
 10252 | D:11     | Noticed a two-headed ogre
 10253 | D:11     | Reached **** piety under Okawaru
 10253 | D:11     | Reached skill level 11 in Axes
 10259 | D:11     | Killed a two-headed ogre
 10275 | D:11     | Found Mycved's Assorted Antiques.
 10339 | D:11     | Found Vaodoj's Armour Shop.
 10396 | D:11     | Found Erphaw's Jewellery Emporium.
 10400 | D:11     | Noticed an orc knight
 10408 | D:11     | Noticed an orc sorcerer
 10424 | D:11     | Paralysed by an orc sorcerer for 2 turns
 10425 | D:11     | HP: 2/84 [ynoxinul[an orc knight] (3)]
 10426 | D:11     | Killed from afar by an orc sorcerer

Vault maps used:
D:1:      roderic_dead_forest, minmay_misc_feat_alley
D:2:      first_ration, chequers_serial_rivers_small_b, minmay_joined_circles
D:3:      regret_index_temple_of_mockery, lemuel_crystal_altar
D:4:      lemuel_zombie_altar_kikubaaqudgha, minmay_stone_trees_small,
          minmay_between
D:6:      grunt_decor_one_mirror, fedhas_altar_4, uniq_duvessa, uniq_edmund,
          uniq_pikel
D:7:      minmay_clustersquares, minmay_temple_entry_mist,
          nicolae_gozag_seed_capital
D:8:      minitemple
D:9:      marbit_many_paths, david_lair_shrubbed, david_nohive_1
D:10:     david_orc_2, uniq_psyche
D:11:     gauntlet_entry_generic, serial_shops, shop, nicolae_shop_stone, shop,
          shop_fountains, kennysheep_little_box
Temple:   cyrus_circular_temple

Skill      XL: |  1  2  3  4  5  6  7  8  9 10 11 |
---------------+----------------------------------+-----
Axes           | 2 3 4 5 7 8 10 11 | 11.2
Armour         | 3 4 5 6 7 |  7.0
Shields        | 3 4 5 6 7 8 |  8.4
Dodging        | 1 2 3 |  3.1
Fighting       | 4 5 7 |  7.5
Stealth        | 1 |  1.1
Invocations    | |  0.7

Action                   |  1- 3 |  4- 6 |  7- 9 | 10-12 || total
-------------------------+-------+-------+-------+-------++-------
Melee: War axe           |   137 |   176 |       |       ||   313
       Kick              |       |    25 |    83 |   120 ||   228
       Hand axe          |       |    47 |   360 |   324 ||   731
Invok: Heroism           |       |       |       |     7 ||     7
  Use: Scroll            |       |     6 |     1 |     9 ||    16
       Potion            |       |     1 |     2 |     1 ||     4
  Eat: Chunk             |     1 |     9 |    14 |     7 ||    31
       Ration            |       |       |       |     1 ||     1
Armor: Scale mail        |    91 |    47 |       |       ||   138
       Chain mail        |       |    91 |   128 |       ||   219
       Plate armour      |       |       |    44 |    69 ||   113
       Ring mail         |       |       |       |    47 ||    47
Dodge: Dodged            |    55 |    47 |    63 |    83 ||   248
Block: Shield            |    85 |   110 |   191 |   196 ||   582
       Reflection        |       |       |     3 |    10 ||    13

Table legend:
 A = Non-vault XP
 B = Vault XP
 C = Vault XP percentage of total XP
 D = Non-vault monster count
 E = Vault monster count
 F = Vault count percentage of total count
                 A         B        C        D         E       F
            +---------+---------+-------+---------+---------+-------
      Total |   11898 |    4102 |  25.6 |     258 |      59 |  18.6
            +---------+---------+-------+---------+---------+-------
        D:1 |      53 |       0 |   0.0 |      31 |       0 |   0.0
        D:2 |     115 |      44 |  27.7 |      23 |      15 |  39.5
        D:3 |     199 |       0 |   0.0 |      21 |       0 |   0.0
        D:4 |     386 |      94 |  19.6 |      23 |       7 |  23.3
        D:5 |     474 |       0 |   0.0 |      18 |       0 |   0.0
        D:6 |     829 |     990 |  54.4 |      14 |       4 |  22.2
        D:7 |     807 |     885 |  52.3 |      23 |      10 |  30.3
        D:8 |    1831 |       0 |   0.0 |      24 |       0 |   0.0
        D:9 |    1226 |    1543 |  55.7 |      21 |      16 |  43.2
       D:10 |    1755 |     546 |  23.7 |      32 |       7 |  17.9
       D:11 |    4223 |       0 |   0.0 |      28 |       0 |   0.0
            +---------+---------+-------+---------+---------+-------
